 Dungeon Crawl Stone Soup version 0.28.0-53-g5a82cb258f (console) character file.

Game seed: 16785231571794912259

77 erker the Sneak (level 4, 0/27 HPs)
             Began as an Octopode Earth Elementalist on July 22, 2022.
             Slain by a hobgoblin
             ... wielding the +3 quarterstaff of the Evening {freeze, rPois SInv}
              (2 damage)
             ... on level 2 of the Dungeon.
             The game lasted 00:05:59 (2186 turns).

erker the Sneak (Octopode Earth Elementalist)       Turns: 2186, Time: 00:06:00

Health: 0/27       AC:  1    Str:  7    XL:     4   Next: 34%
Magic:  6/7        EV: 13    Int: 19    God:
Gold:   96         SH:  0    Dex: 12    Spells: 0/7 levels left

rFire   . . .      SeeInvis .   a - +2 dagger (venom)
rCold   . . .      Faith    .   (no shield)
rNeg    . . .      Spirit   .   (helmet restricted)
rPois   .          Reflect  .   (no amulet)
rElec   .          Harm     .   e - ring of wizardry
rCorr   .          Rampage  .   (no ring)
Will    .....                   (no ring)
Stlth   +++.......              (no ring)
HPRegen 0.09/turn               (no ring)
MPRegen 0.10/turn               (no ring)
                                (no ring)
                                (no ring)

@: no status effects
A: almost no armour, amphibious, 8 rings, camouflage 1, gelatinous body 1,
(nimble swimmer 1), tentacles
a: no special abilities


You were on level 2 of the Dungeon.
You visited 1 branch of the dungeon, and saw 2 of its levels.

You collected 96 gold pieces.

Inventory:

Hand Weapons
 a - a +2 dagger of venom (weapon)
Missiles
 b - 67 stones
 c - 5 poisoned darts
Magical Staves
 h - a staff of fire
Jewellery
 e - a ring of wizardry (left tentacle)
Scrolls
 f - a scroll of teleportation {unknown}
 g - a scroll of blinking {unknown}
 i - a scroll of fear {unknown}
 l - a scroll of torment {unknown}
Potions
 d - a potion of lignification {unknown}
 j - a potion of ambrosia {unknown}
 k - a potion of flight {unknown}


   Skills:
 - Level 2.0 Short Blades
 - Level 2.0 Dodging
 - Level 4.0 Stealth
 - Level 2.0 Spellcasting
 + Level 1.0 Transmutations
 - Level 4.0 Earth Magic


You couldn't memorise any spells.
You knew the following spells:

 Your Spells              Type           Power      Damage    Failure   Level
a - Sandblast             Erth           34%        2d9       1%          1
p - Petrify               Tmut/Erth      11%        N/A       24%         4
w - Passwall              Tmut/Erth      9%         N/A       3%          2

Your spell library contained the following spells:

 Spells                   Type           Power      Damage    Failure   Level
 Stone Arrow              Conj/Erth      18%        3d8       9%          3


Dungeon Overview and Level Annotations

Branches:
Dungeon (2/15)

Altars:
Nemelex Xobeh


Innate Abilities, Weirdness & Mutations

You cannot wear most types of armour.
You are amphibious.
You can wear up to eight rings at the same time.
Your skin changes colour to match your surroundings (Stealth+).
Your rubbery body absorbs attacks. (AC +1, EV +1)
((You are camouflaged when in or above water. (Stealth+)))
You have tentacles for arms and can constrict up to eight enemies at once.


Message History

A hobgoblin comes into view.
It is wielding the +3 quarterstaff of the Evening {freeze, rPois SInv}.
The helpless frilled lizard fails to defend itself.
You puncture the frilled lizard!
You kill the frilled lizard!
Training target 2.0 for Short Blades reached!
Your Short Blades skill increases to level 2!
You need to enable at least one skill for training.
No target in view!
No target in view!
No target in view!
No target in view!
No target in view!
A hobgoblin is nearby!
The hobgoblin misses you.
You hit the hobgoblin but do no damage.
The hobgoblin is poisoned.
You grab the hobgoblin.
You squeeze the hobgoblin, but do no damage.
You constrict the hobgoblin, but do no damage.
The hobgoblin hits you with the +3 quarterstaff of the Evening {freeze, rPois SInv}.
The hobgoblin freezes you.
You hit the hobgoblin but do no damage.
The hobgoblin looks even sicker.
You squeeze the hobgoblin.
The hobgoblin is heavily wounded.
You constrict the hobgoblin, but do no damage.
The hobgoblin hits you with the +3 quarterstaff of the Evening {freeze, rPois SInv}!
The hobgoblin freezes you.
You are too injured to fight recklessly!
You are too injured to fight recklessly!
You release your grip on the hobgoblin.
Casting: Sandblast (safe; 1% risk of failure)
Confirm with . or Enter, or press ? or * to list all spells.
Aiming: Sandblast (safe; 1% risk of failure)
Press: ? - help, Shift-Dir - straight line, f - hobgoblin
Aim: a hobgoblin, wielding the +3 quarterstaff of the Evening {freeze, rPois SInv} and wearing a +0 chain mail (heavily wounded, very poisoned, 85% to hit)
The blast of sand hits the hobgoblin but does no damage.
The hobgoblin is heavily wounded.
The hobgoblin hits you with the +3 quarterstaff of the Evening {freeze, rPois SInv}!
* * * LOW HITPOINT WARNING * * *
The hobgoblin freezes you.
You die...

#...#
##†#.########
#............
#......####.
##.._....##
#.........# .
#.........# ...
#.........##.....
####....g@.......
#.....###.....
#..###.# #..# #..
.... .. #..
.....# . ......#
##.....# #.....#
#.....#


You could see a hobgoblin (very poisoned).

Vanquished Creatures
  An adder (D:2)
  4 worms (D:2)
  2 dart slugs (D:2)
  5 ball pythons
  3 endoplasms (D:1)
  8 giant cockroaches
  6 goblins
  2 hobgoblins (D:2)
  2 jackals (D:1)
  A kobold (D:1)
  A quokka (D:1)
  3 bats (D:2)
  3 frilled lizards
  8 rats
49 creatures vanquished.

Vanquished Creatures (others)
  3 plants (D:1)
3 creatures vanquished.

Grand Total: 52 creatures vanquished

Notes
Turn   | Place    | Note
-------+----------+-------------------------------------------
     0 | D:1      | erker the Octopode Earth Elementalist began the quest for
                  | the Orb.
     0 | D:1      | Reached XP level 1. HP: 11/11 MP: 3/3
    93 | D:1      | Reached XP level 2. HP: 8/17 MP: 1/5
   427 | D:1      | Learned a level 2 spell: Passwall
   546 | D:1      | Found a faded altar of an unknown god.
   952 | D:1      | Reached XP level 3. HP: 11/21 MP: 4/6
  1607 | D:2      | Reached skill level 1 in Short Blades
  1838 | D:2      | Reached XP level 4. HP: 27/27 MP: 7/7
  1843 | D:2      | Learned a level 4 spell: Petrify
  2165 | D:2      | Found a sparkling altar of Nemelex Xobeh.
  2167 | D:2      | Identified the +3 quarterstaff of the Evening {freeze,
                  | rPois SInv}
  2186 | D:2      | Slain by a hobgoblin

Illustrated notes

Levels and vault maps discovered:
D:1:      tarquinn_simple_flora_water_c, layout_rooms,
          shapermc_ecumenical_altar_totnotflames, minmay_misc_feat_columns,
          minmay_misc_feat_five, minmay_misc_feat_four_crosses
D:2:      minmay_thinvault, layout_rooms, basic_altar, minmay_crystal_room,
          minmay_tromino_mix6

Skill      XL: |  1  2  3  4 |
---------------+-------------+-----
Stealth        | 3 4 |  4.0
Short Blades   | 1 2 |  2.0
Earth Magic    | 4 |  4.0
Dodging        | |  2.0
Spellcasting   | |  2.0
Transmutations | |  1.0

Action                   |  1- 3 |  4- 6 || total
-------------------------+-------+-------++-------
Melee: Staff             |    26 |       ||    26
       Tentacles         |    16 |     5 ||    21
       Constrict         |    18 |     4 ||    22
       Unarmed           |     1 |       ||     1
       Dagger            |    39 |    11 ||    50
 Cast: Sandblast         |    12 |     3 ||    15
 Stab: Sleeping          |    16 |     3 ||    19
Armor: Skin              |     7 |       ||     7
Dodge: Dodged            |    37 |     2 ||    39
